 Dungeon Crawl Stone Soup version 0.32-a0-815-g315f82d515 (webtiles) character file.

Game seed: 7521635486732328493

448 Descartes the Shield-Bearer (level 6, -2/56 HPs)
             Began as a Mountain Dwarf Fighter on Mar 23, 2024.
             Slain by a kobold brigand
             ... wielding a +0 whip
              (3 damage)
             ... in a sewer.
             The game lasted 00:03:25 (2207 turns).

Descartes the Shield-Bearer (MDFi)                  Turns: 2207, Time: 00:03:25

Health: -2/56      AC:  7    Str: 20    XL:     6   Next: 73%
Magic:  6/6        EV:  8    Int:  9    God:
Gold:   72         SH:  4    Dex:  9    Spells: 5/5 levels left

rFire   . . .        a - +1 war axe
rCold   . . .        c - +0 buckler
rNeg    . . .        b - +0 scale mail
rPois   .            (no helmet)
rElec   .            (no cloak)
rCorr   .            (no gloves)
SInv    .            (no boots)
Will    .....        (no amulet) Stlth
                     (no ring)
HPRegen 0.29/turn    (no ring)
MPRegen 0.10/turn

%: no passive effects
@: very slow
A: runic magic, artefact enchanting
a: no special abilities


You were in a sewer.
You visited 1 branch of the dungeon, and saw 3 of its levels.
You also visited: Sewer.

You collected 72 gold pieces.

Inventory:

Hand Weapons
 a - a +1 war axe (weapon)
 f - a +2 heavy flail
 m - a +2 flail of protection
Armour
 b - a +0 scale mail (worn)
 c - a +0 buckler (worn)
Scrolls
 e - a scroll of fog
 g - 2 scrolls of teleportation
 i - a scroll of blinking {unknown}
Potions
 d - a potion of cancellation
 h - a potion of resistance {unknown}
 l - a potion of ambrosia {unknown}


   Skills:
 + Level 5.0 Fighting
 + Level 4.8 Axes
 + Level 5.0 Armour
 + Level 5.1 Shields


You had 5 spell levels left.
You didn't know any spells.
Your spell library was empty.

Dungeon Overview and Level Annotations

Branches:
Dungeon (3/15)              Sewer (1/1)

Altars:


Innate Abilities, Weirdness & Mutations

Your spellcasting is much less encumbered by armour.
You can use scrolls of enchantment on lesser artefacts.


Message History

Your unstable footing causes you to fumble your attack.
The kobold brigand splashes around in the water.
The kobold brigand hits you with a +0 whip.
You barely miss the kobold brigand.
The kobold brigand is severely wounded.
You hit the kobold brigand. The kobold brigand barely misses you.
You block the kobold brigand's attack.
Unknown command.
You hit the kobold brigand.
The kobold brigand is almost dead.
You hit the kobold brigand but do no damage.
The kobold brigand hits you with a +0 short sword!
The kobold brigand hits you with a +0 whip.
* * * LOW HITPOINT WARNING * * *
The kobold brigand splashes around in the water.
You slash the kobold brigand!
You kill the kobold brigand!
You hear a splash. x2
You hit the kobold brigand.
The kobold brigand hits you with a +0 whip!
* * * LOW HITPOINT WARNING * * *
The kobold brigand barely misses you.
Your Fighting skill increases to level 5!
Your Armour skill increases to level 5!
Your Shields skill increases to level 5!
The kobold brigand hits you with a +0 whip.
* * * LOW HITPOINT WARNING * * *
Things that are here:
a +0 short sword; 8 poisoned darts It was a potion of cancellation.
You feel magically purged.
The kobold brigand hits you with a +0 whip.
* * * LOW HITPOINT WARNING * * *
It was a potion of curing.
You feel better.
The kobold brigand hits you but does no damage.
You hit the kobold brigand.
The kobold brigand is heavily wounded.
The kobold brigand hits you with a +0 whip.
* * * LOW HITPOINT WARNING * * *
The kobold brigand hits you with a +0 whip.
You die...

####### #.~~@~#####
#####K~~~~####### .~
#.~~~~###~..~~..## #~
####### #~.~~~~~.# #
#.~~~~###~~.~..~~####
#####†~~~.####..~.##~
#.~~~~##### ##~~~.~.
####### ##~~...
#~~...


You could see a kobold brigand.

Vanquished Creatures
  4 kobold brigands (Sewer)
  An iguana (D:3)
  5 adders (Sewer)
  A river rat (Sewer)
  6 ribbon worms
  A dart slug (D:1)
  10 orcs (D:3)
  4 bats
  2 endoplasms (D:1)
  6 giant cockroaches
  3 hobgoblins
  2 jackals (D:1)
  4 kobolds
  3 quokkas
  3 ball pythons (D:3)
  3 frilled lizards
  4 goblins
  12 rats
74 creatures vanquished.

Notes
Turn   | Place    | Note
-------+----------+-------------------------------------------
     0 | D:1      | Descartes the Mountain Dwarf Fighter began the quest for
                  | the Orb.
     0 | D:1      | Reached XP level 1. HP: 19/19 MP: 1/1
   183 | D:1      | Reached XP level 2. HP: 26/26 MP: 2/2
   605 | D:2      | Reached XP level 3. HP: 33/33 MP: 3/3
  1192 | D:3      | Reached XP level 4. HP: 40/40 MP: 4/4
  1321 | D:3      | Found a glowing drain.
  1331 | Sewer    | Entered a sewer
  1351 | Sewer    | Noticed a kobold brigand
  1380 | Sewer    | Killed a kobold brigand
  1381 | Sewer    | Reached XP level 5. HP: 10/47 MP: 5/5
  1678 | Sewer    | Reached XP level 6. HP: 39/53 MP: 6/6
  2204 | Sewer    | Reached skill level 5 in Fighting
  2204 | Sewer    | Reached skill level 5 in Armour
  2204 | Sewer    | Reached skill level 5 in Shields
  2205 | Sewer    | HP: 2/56 [kobold brigand/+0 whip (4)]
  2207 | Sewer    | Slain by a kobold brigand

Illustrated notes

Levels and vault maps discovered:
D:1:      dpeg_arrival_stone_temple_mockup, layout_basic
D:2:      layout_loops_cross
D:3:      layout_rooms, mainiacjoe_sewer_entry_somewhere_in_here_2
Sewer:    sewer_co_tree

Skill      XL: |  1  2  3  4  5  6 |
---------------+-------------------+-----
Axes           | 3 4 |  4.8
Fighting       | 4 5 |  5.0
Shields        | 4 5 |  5.1
Armour         | 4 5 |  5.0

Action                     |  1- 3 |  4- 6 || total
---------------------------+-------+-------++-------
  Melee: War axe           |   117 |   169 ||   286
    Use: Scroll            |     5 |       ||     5
         Potion            |       |     3 ||     3
 Armour: Scale mail        |   101 |   146 ||   247
  Dodge: Dodged            |    56 |    55 ||   111
  Block: Buckler           |    30 |    37 ||    67

Table legend: (Time is in decaauts)
 A = Elapsed time spent in this place.
 B = Non-inter-level travel time spent in this place.
 C = Inter-level travel time spent in this place.
 D = Time resting spent in this place.
 E = Time spent auto-exploring this place.
 F = Levels seen in this place.
 G = Mean time per level.
                   A        B        C        D        E       F      G
               +--------+--------+--------+--------+--------+-----+--------+
         Total |   2430 |   2390 |     40 |      0 |   1694 |   4 |  607.5 |
       Dungeon |   1405 |   1365 |     40 |      0 |    906 |   3 |  468.3 |
         Sewer |   1025 |   1025 |      0 |      0 |    788 |   1 | 1025.0 |
               +--------+--------+--------+--------+--------+-----+--------+

Top non-repeatable levels by time:
   Sewer: 1025 daAuts
     D:2: 608 daAuts
     D:1: 571 daAuts
     D:3: 224 daAuts
